 Dungeon Crawl Stone Soup version 0.31-a0-175-g9f7f995f2b (webtiles) character file.

Game seed: 1147746090709719102

788 jasper the Geomancer (level 7, -2/32 HPs)
             Began as a Spriggan Earth Elementalist on June 16, 2023.
             Slain by a gnoll sergeant
             ... wielding a +2 spear of freezing
              (12 damage)
             ... on level 5 of the Dungeon.
             The game lasted 00:08:39 (4648 turns).

jasper the Geomancer (Spriggan Earth Elementalist)  Turns: 4648, Time: 00:08:40

Health: -2/32      AC:  2    Str:  4    XL:     7   Next: 56%
Magic:  7/12       EV: 17    Int: 18    God:
Gold:   211        SH:  0    Dex: 16    Spells: 4/12 levels left

rFire   . . .        k - +3 short sword (holy)
rCold   . . .        (no shield)
rNeg    . . .        a - +0 robe
rPois   .            (helmet restricted)
rElec   .            (no cloak)
rCorr   .            (gloves unavailable)
SInv    +            (boots unavailable)
Will    +....        (no amulet)
Stlth   ++           (no ring)
HPRegen 0.25/turn    (no ring)
MPRegen 0.13/turn

%: no passive effects
@: very quick
A: very small, no large weapons, unfitting armour, see invisible, speed 3
a: no special abilities


You were on level 5 of the Dungeon.
You visited 1 branch of the dungeon, and saw 5 of its levels.

You collected 291 gold pieces.
You spent 80 gold pieces at shops.

Inventory:

Hand Weapons
 e - a +0 spear
 k - a +3 short sword of holy wrath (weapon)
 v - a +0 rapier
Missiles
 m - 9 poisoned darts
Armour
 a - a +0 robe (worn)
 d - an orb of light
 i - an orb of light
Jewellery
 t - a ring of flight
Wands
 r - a wand of paralysis (3)
Scrolls
 g - 2 scrolls of teleportation
 j - 2 scrolls of torment
 p - 2 scrolls of immolation
 s - a scroll of enchant weapon
 w - a scroll of butterflies {unknown}
Potions
 b - 2 potions of magic
 c - a potion of attraction
 f - 5 potions of curing
 h - 2 potions of heal wounds
 l - a potion of enlightenment
 n - a potion of ambrosia
 o - 2 potions of haste {unknown}
 q - 2 potions of lignification {unknown}
 u - a potion of might


   Skills:
 - Level 2.6 Dodging
 - Level 3.0 Stealth
 - Level 3.0 Spellcasting
 - Level 1.3 Transmutations
 + Level 8.2 Earth Magic


You had 4 spell levels left.
You knew the following spells:

 Your Spells              Type           Power      Damage    Failure   Level
a - Sandblast             Erth           64%        2d14      1%          1
b - Passwall              Tmut/Erth      16%        N/A       3%          2
c - Stone Arrow           Conj/Erth      34%        3d9       9%          3
d - Blink                 Tloc           4%         N/A       24%         2

Your spell library contained the following spells:

 Spells                   Type           Power      Damage    Failure   Level
 Petrify                  Tmut/Erth      20%        N/A       22%         4
 Call Imp                 Summ           4%         N/A       24%         2
 Inner Flame              Hex/Fire       2%         N/A       43%         3
 Summon Guardian Golem    Hex/Summ       2%         N/A       43%         3
 Vhi's Electric Charge    Tloc/Air       4%         N/A       43%         3
 Flame Wave               Conj/Fire      2%         2d4       85%         4
 Manifold Assault         Tloc           2%         N/A       85%         4
 Sticky Flame             Conj/Fire      2%         2d3       85%         4
 Monstrous Menagerie      Summ           1%         N/A       100%        7
 Storm Form               Tmut/Air       2%         N/A       100%        7


Dungeon Overview and Level Annotations

Branches:
Dungeon (5/15)
 Temple: D:4-7

Altars:
Gozag
Hepliaklqana
Nemelex Xobeh
Uskayaw

Shops:
D:2 !   D:5 (


Innate Abilities, Weirdness & Mutations

You are very small and have problems with some larger weapons.
You are too small for most types of armour.
You have supernaturally acute eyesight. (SInv)
You cover ground extremely quickly. (Speed+++)


Message History

You see here 3 stones.
Aiming: Sandblast (safe; 1% risk of failure)
Press: ? - help, Q - select action, (/) - cycle Shift-Dir - straight line, f - gnoll sergeant
Aim: a gnoll sergeant, wielding a +2 spear of freezing, wearing a +0 scale mail and wearing a +0 buckler (88% to hit)
The blast of sand hits the gnoll sergeant!
The gnoll sergeant is moderately wounded.
You now have 10/12 mp.
Aiming: Sandblast (safe; 1% risk of failure)
Press: ? - help, Q - select action, (/) - cycle Shift-Dir - straight line, f/p - gnoll sergeant
Aim: a gnoll sergeant, wielding a +2 spear of freezing, wearing a +0 scale mail and wearing a +0 buckler (moderately wounded, 88% to hit)
The blast of sand hits the gnoll sergeant but does no damage.
The gnoll sergeant is moderately wounded.
The gnoll sergeant hits you from afar with a +2 spear of freezing!
The gnoll sergeant freezes you.
* * * LOW HITPOINT WARNING * * *
You take 14 damage, and have 8/32 hp.
MASSIVE DAMAGE!!
You now have 9/12 mp.
Aiming: Sandblast (safe; 1% risk of failure)
Press: ? - help, Q - select action, (/) - cycle Shift-Dir - straight line, f/p - gnoll sergeant
Aim: a gnoll sergeant, wielding a +2 spear of freezing, wearing a +0 scale mail and wearing a +0 buckler (moderately wounded, 88% to hit)
The gnoll sergeant blocks the blast of sand.
Aiming: Sandblast (safe; 1% risk of failure)
Press: ? - help, Q - select action, (/) - cycle Shift-Dir - straight line, f/p - gnoll sergeant
Aim: a gnoll sergeant, wielding a +2 spear of freezing, wearing a +0 scale mail and wearing a +0 buckler (moderately wounded, 88% to hit)
The blast of sand hits the gnoll sergeant but does no damage.
The gnoll sergeant is moderately wounded.
You now have 8/12 mp.
Unknown command.
Aiming: Sandblast (safe; 1% risk of failure)
Press: ? - help, Q - select action, (/) - cycle Shift-Dir - straight line, f/p - gnoll sergeant
Aim: a gnoll sergeant, wielding a +2 spear of freezing, wearing a +0 scale mail and wearing a +0 buckler (moderately wounded, 88% to hit)
The blast of sand hits the gnoll sergeant!
The gnoll sergeant is severely wounded.
The gnoll sergeant hits you from afar with a +2 spear of freezing!
You die...

############# ###...........#
##############
....#########.#####.............
###.# #.........∩.......#######
#.#####.###.#####.####.###.....
#.##........<.@.g.##.......# .
###..#.##.###.######gg.......# .
........#.# #.# #.#.#####.###g
###..#..#.# #.# #.....# #)(g.g
#..#..#.###.# #.....# ###.##
#...........# #.....# ###.#
##.#..#.##### #)....###...#
#.#..#.# #...⌠.⌠##.### #.#..#.#
#######.#.._....#


You could see a gnoll sergeant and 2 gnolls.

Vanquished Creatures
  Sigmund (D:3)
  An ice beast (D:5)
  A phantom (D:4)
  2 hounds (D:4)
  Natasha (thrice) (D:3)
  An iguana (D:5)
  2 orc wizards
  Robin (D:3)
  2 gnolls
  9 adders
  2 worms
  5 dart slugs
  17 orcs
  4 bats
  14 endoplasms
  5 giant cockroaches
  10 goblins
  6 hobgoblins
  3 jackals (D:4)
  8 kobolds
  3 quokkas
  8 ball pythons
  3 frilled lizards
  6 rats
117 creatures vanquished.

Notes
Turn   | Place    | Note
-------+----------+-------------------------------------------
     0 | D:1      | jasper the Spriggan Earth Elementalist began the quest for
                  | the Orb.
     0 | D:1      | Reached XP level 1. HP: 9/9 MP: 5/5
   143 | D:1      | Reached skill level 3 in Earth Magic
   179 | D:1      | Reached XP level 2. HP: 13/13 MP: 5/7
   182 | D:1      | Learned a level 2 spell: Passwall
   537 | D:1      | Reached XP level 3. HP: 16/16 MP: 5/8
   543 | D:1      | Learned a level 3 spell: Stone Arrow
   915 | D:1      | Reached skill level 4 in Earth Magic
  1147 | D:2      | Found Fiotuc's Distillery.
  1156 | D:2      | Bought a potion of curing for 30 gold pieces
  1156 | D:2      | Bought a potion of heal wounds for 50 gold pieces
  1884 | D:3      | Noticed Robin
  2040 | D:3      | Killed Robin
  2041 | D:3      | Reached XP level 4. HP: 21/21 MP: 7/9
  2274 | D:3      | Noticed Natasha
  2276 | D:3      | Killed Natasha
  2277 | D:3      | Reached skill level 5 in Earth Magic
  2332 | D:3      | Got the Verses on the Comitatus and the Geodesic
  2352 | D:3      | Noticed Natasha
  2355 | D:3      | Killed Natasha
  2356 | D:3      | Reached XP level 5. HP: 11/24 MP: 5/10
  2474 | D:3      | Noticed Sigmund
  2481 | D:3      | Killed Sigmund
  2482 | D:3      | Reached skill level 6 in Earth Magic
  2482 | D:3      | Reached XP level 6. HP: 28/28 MP: 7/11
  2570 | D:3      | Noticed Natasha
  2575 | D:3      | Killed Natasha
  2715 | D:3      | Found a hide-covered altar of Uskayaw.
  3027 | D:3      | Learned a level 2 spell: Blink
  3122 | D:4      | Found a hazy altar of Hepliaklqana.
  3122 | D:4      | Found an opulent altar of Gozag.
  3199 | D:4      | Reached skill level 7 in Earth Magic
  3286 | D:4      | Reached XP level 7. HP: 32/32 MP: 10/12
  4107 | D:5      | Entered Level 5 of the Dungeon
  4182 | D:5      | Found a sparkling altar of Nemelex Xobeh.
  4196 | D:5      | Found Uluixtux's Weapon Boutique.
  4232 | D:5      | Reached skill level 8 in Earth Magic
  4648 | D:5      | Slain by a gnoll sergeant

Illustrated notes

Levels and vault maps discovered:
D:1:      onia_arrival_handbag, layout_basic, st_stairs_9
D:2:      cheibrodos_helix_gallery, layout_loops_ring, serial_shops,
          shop_fountains
D:3:      layout_loops_ring, nicolae_uskayaw_suspiria, minmay_diced_spiral,
          uniq_robin, uniq_sigmund, uniq_natasha
D:4:      layout_cave_pods, gammafunk_temple_overflow_elements
D:5:      layout_loops_ring, nemelex_xobeh_ov_fountains_minmay,
          trog_butcher_becter, serial_shops, shop, minmay_fountain_box

Skill      XL: |  1  2  3  4  5  6  7 |
---------------+----------------------+-----
Spellcasting   | 3 |  3.0
Earth Magic    | 3 4 5 6 7 8 |  8.2
Dodging        | |  2.6
Stealth        | |  3.0
Transmutations | |  1.3

Action                     |  1- 3 |  4- 6 |  7- 9 || total
---------------------------+-------+-------+-------++-------
  Throw: Dart              |     4 |     1 |       ||     5
   Cast: Sandblast         |    67 |    62 |    53 ||   182
    Use: Scroll            |     7 |     1 |       ||     8
 Armour: Robe              |     5 |     4 |     1 ||    10
  Dodge: Dodged            |    11 |    20 |    15 ||    46

Table legend: (Time is in decaauts)
 A = Elapsed time spent in this place.
 B = Non-inter-level travel time spent in this place.
 C = Inter-level travel time spent in this place.
 D = Time resting spent in this place.
 E = Time spent auto-exploring this place.
 F = Levels seen in this place.
 G = Mean time per level.
                   A        B        C        D        E       F      G
               +--------+--------+--------+--------+--------+-----+--------+
         Total |   3590 |   3515 |     75 |    170 |   2804 |   5 |  718.0 |
       Dungeon |   3590 |   3515 |     75 |    170 |   2804 |   5 |  718.0 |
               +--------+--------+--------+--------+--------+-----+--------+

Top non-repeatable levels by time:
     D:3: 1009 daAuts
     D:1: 801 daAuts
     D:4: 792 daAuts
     D:2: 572 daAuts
     D:5: 413 daAuts
